 Dungeon Crawl Stone Soup version 0.31-a0-986-g5e6e4ef867 (webtiles) character file.

Game seed: 9868533873564059051

248 demibob the Charlatan (level 5, -2/31 HPs)
             Began as a Deep Elf Chaos Knight on Nov 10, 2023.
             Was a Plaything of Xom.
             Slain by a hellwing (3 damage)
             ... summoned by Xom
             ... on level 3 of the Dungeon.
             The game lasted 00:05:02 (2570 turns).

demibob the Charlatan (Deep Elf Chaos Knight)       Turns: 2570, Time: 00:05:03

Health: -2/31      AC:  5    Str:  7    XL:     5   Next: 86%
Magic:  7/7        EV: 11    Int: 25    God:    Xom [*.....]
Gold:   166        SH:  0    Dex: 14    Spells: 4/4 levels left

rFire   . . .        a - +1 spear (chaos)
rCold   . . .        (no shield)
rNeg    . . .        d - +2 leather armour
rPois   .            (no helmet)
rElec   .            (no cloak)
rCorr   .            (no gloves)
SInv    .            (no boots)
Will    .....        (no amulet)
Stlth   +            I - +6 ring of intelligence
HPRegen 0.25/turn    (no ring)
MPRegen 0.10/turn

%: random rage (3%)
@: no status effects
A: berserk 1, weak 1
a: Renounce Religion


You were on level 3 of the Dungeon.
You worshipped Xom.
You were a special plaything of Xom.
You visited 1 branch of the dungeon, and saw 3 of its levels.

You collected 166 gold pieces.


Innate Abilities, Weirdness & Mutations

You sometimes lose your temper in combat.
You are weak. (Str -2)


   Skills:
 - Level 2.4 Fighting
 - Level 3.1(3.3) Polearms
 + Level 2.1(3.5) Staves
 - Level 0.7 Armour
 - Level 2.4 Dodging
 + Level 2.4 Earth Magic
 * Level 3.7 Evocations


You had 4 spell levels left.
You didn't know any spells.
Your spell library contained the following spells:

 Spells                   Type           Power      Damage    Failure   Level
 Anguish                  Hex/Necr       0%         N/A       89%         4
 Cause Fear               Hex            0%         N/A       89%         4
 Enfeeble                 Hex            0%         N/A       100%        7

Inventory:

Hand Weapons
 a - a +1 spear of chaos (weapon)
 c - a +0 club
Missiles
 f - 8 poisoned darts
Armour
 d - a +2 leather armour (worn)
Magical Staves
 b - a staff of earth {!a}
Jewellery
 I - a +6 ring of intelligence (left hand)
Scrolls
 g - 2 scrolls of identify {@r1}

Dungeon Overview and Level Annotations

Branches:
Dungeon (3/15)

Altars:

.#..........###.#####.#
#.... .##.##.#####.#.##
#.# #.###
#.#.#.#.......## #.#
#.#$# ^.......#######
#.#######.### .......##
#............ .#.#.#.#
########...## .......#
#####
.#.#.#.#############.#.#
.......##..†..b4@4355.#
.#.#.#.##.##########5..#
.).....##.# #
......###.# #####.# #.#
#.# #.# #.###.# #.....#
#######


You could see 2 hellwings, a ynoxinul (summoned) and 3 ufetubi.


Message History

The iguana closely misses you.
You hit the iguana but do no damage.
The iguana is heavily wounded.
The iguana barely misses you.
You hit the iguana. You burn the iguana. Your punch misses the iguana.
The iguana is severely wounded.
The iguana barely misses you.
You hit the iguana.
The iguana is poisoned.
The iguana is severely wounded.
You kill the iguana! "Let's see if it's strong enough to survive yet."
You are now a special plaything of Xom.
Okay, then.
Enter note: death
Enter note: two hellwings, d:3
Okay, then.
You feel better. The hellwing misses you. The hellwing hits you!
The ynoxinul gestures.
The hellwing completely misses you. The hellwing barely misses you.
You closely miss the hellwing. You hit the hellwing but do no damage.
The hellwing is poisoned.
The hellwing closely misses you. The hellwing barely misses you.
The hellwing hits you!
* * * LOW HITPOINT WARNING * * *
A shower of butterflies erupts from you!
The hellwing hits you.
* * * LOW HITPOINT WARNING * * *
You closely miss the hellwing. The hellwing barely misses you.
The hellwing hits you.
You die...

Skill      XL: |  1  2  3  4  5 |
---------------+----------------+-----
Polearms       | 3 |  3.1
Evocations     | 1 2 3 |  3.7
Earth Magic    | 1 2 |  2.4
Staves         | 1 2 |  2.1
Fighting       | |  2.4
Armour         | |  0.7
Dodging        | |  2.4

Action                     |  1- 3 |  4- 6 || total
---------------------------+-------+-------++-------
  Melee: Spear             |   158 |    99 ||   257
         Punch             |     2 |       ||     2
         Staff             |       |    53 ||    53
    Use: Scroll            |     1 |     6 ||     7
         Potion            |       |     4 ||     4
   Stab: Petrified         |     4 |       ||     4
         Petrifying        |     2 |       ||     2
         Sleeping          |     1 |     3 ||     4
         Paralysed         |     1 |     1 ||     2
 Armour: Leather armour    |    73 |    77 ||   150
  Dodge: Dodged            |    80 |    56 ||   136

Levels and vault maps discovered:
D:1:      lemuel_arrival_lava_pool, layout_basic
D:2:      layout_basic, st_stairs_13, nicolae_concentric_dashed_squares_mild
D:3:      layout_loops_ring, serial_glass, glass_columns_b, glass_columns_b,
          item_on_display_a, minmay_strange_pillars, minmay_strange_pillars

Notes
Turn   | Place    | Note
-------+----------+-------------------------------------------
     0 | D:1      | demibob the Deep Elf Chaos Knight began the quest for the
                  | Orb.
     0 | D:1      | Reached XP level 1. HP: 13/13 MP: 3/3
   119 | D:1      | XOM: silly message
   251 | D:1      | Reached XP level 2. HP: 18/18 MP: 4/4
   777 | D:2      | Reached skill level 3 in Polearms
   777 | D:2      | Reached XP level 3. HP: 22/22 MP: 5/5
   941 | D:2      | Reached skill level 1 in Evocations
   990 | D:2      | XOM: summons 1 hostile demon
  1039 | D:2      | XOM: torment (12/22 hp)
  1260 | D:2      | Identified the +0 robe "Uxzaip" {Dex+3}
  1336 | D:2      | XOM: butterfly on damage
  1402 | D:2      | Reached skill level 1 in Earth Magic
  1453 | D:2      | Reached XP level 4. HP: 26/27 MP: 6/6
  1591 | D:2      | XOM: give mutations
  1591 | D:2      | Gained mutation: You are weak. (Str -2) [Xom's mischief]
  1591 | D:2      | Gained mutation: You sometimes lose your temper in combat.
                  | [Xom's mischief]
  1593 | D:2      | XOM: summons 1 hostile shadow creature
  1606 | D:2      | Reached skill level 1 in Staves
  1606 | D:2      | Reached skill level 2 in Evocations
  1694 | D:2      | Reached XP level 5. HP: 16/31 MP: 7/7
  1822 | D:2      | XOM: silly message
  1949 | D:3      | XOM: enchant monster (bad)
  1989 | D:3      | Reached skill level 2 in Earth Magic
  1989 | D:3      | Reached skill level 3 in Evocations
  2327 | D:3      | Reached skill level 2 in Staves
  2566 | D:3      | XOM: summons 3 hostile demons
  2567 | D:3      | Noticed a ynoxinul
  2567 | D:3      | Noticed a hellwing
  2567 | D:3      | Noticed a hellwing
  2567 | D:3      | >>death
  2567 | D:3      | >>two hellwings, d:3
  2569 | D:3      | XOM: butterfly on damage
  2569 | D:3      | HP: 1/31 [hellwing[Xom] (5)]
  2570 | D:3      | Slain by a hellwing

Vanquished Creatures
  2 orc priests (D:2)
  An iguana (D:3)
  2 orc wizards
  4 adders
  2 worms (D:2)
  7 orcs
  2 ball pythons
  7 giant cockroaches
  5 goblins
  5 hobgoblins
  6 jackals
  5 quokkas
  5 bats
  4 frilled lizards
  7 kobolds
  2 rats
66 creatures vanquished.

Vanquished Creatures (others)
  A frilled lizard zombie (D:3)
1 creature vanquished.

Grand Total: 67 creatures vanquished

Table legend: (Time is in decaauts)
 A = Elapsed time spent in this place.
 B = Non-inter-level travel time spent in this place.
 C = Inter-level travel time spent in this place.
 D = Time resting spent in this place.
 E = Time spent auto-exploring this place.
 F = Levels seen in this place.
 G = Mean time per level.
                   A        B        C        D        E       F      G
               +--------+--------+--------+--------+--------+-----+--------+
         Total |   2599 |   2552 |     47 |    115 |   1835 |   3 |  866.3 |
       Dungeon |   2599 |   2552 |     47 |    115 |   1835 |   3 |  866.3 |
               +--------+--------+--------+--------+--------+-----+--------+

Top non-repeatable levels by time:
     D:2: 1236 daAuts
     D:1: 747 daAuts
     D:3: 615 daAuts

Table legend:
 A = Non-vault XP
 B = Vault XP
 C = Vault XP percentage of total XP
 D = Non-vault monster count
 E = Vault monster count
 F = Vault count percentage of total count
                 A         B        C        D         E       F
            +---------+---------+-------+---------+---------+-------
      Total |     353 |       2 |   0.6 |      64 |       1 |   1.5
            +---------+---------+-------+---------+---------+-------
        D:1 |      28 |       0 |   0.0 |      17 |       0 |   0.0
        D:2 |     203 |       2 |   1.0 |      25 |       1 |   3.8
        D:3 |     122 |       0 |   0.0 |      22 |       0 |   0.0
            +---------+---------+-------+---------+---------+-------
